Map: Tours du crépuscule

Players

Worming - Winner!

  • Race: Zerg Zerg
  • League: Diamond

izgalor

  • Race: Terran Terran
  • League: Diamond

VOD

Have the link to the VOD?

Description

Time

  • Played on: Dec. 13, 2015, 10:33 a.m.
  • Length: 17:45
Show
View Real Time Build Order
Export as new Build Order

Worming Zerg - Winner!

Build Orders: Hatch First 

Get SALT Encoding   

  12  0:01  Drone  
  13  0:07  Drone  
  14  0:17  Overlord  
  14  0:25  Extractor  
  14  0:26  Drone  
  14  0:28  Extractor  
  13  0:30  Drone  
  16  0:36  Drone  
  17  0:56  Hatchery  
  16  0:59  Drone  
  16  1:00  Drone  
  18  1:13  Spawning Pool  
  18  1:16  Drone  
  18  1:20  Drone  
  18  1:24  Extractor  
  18  1:31  Drone  
  19  1:43  Overlord  
  19  1:52  Drone  
  20  2:00  Queen  
  22  2:01  Zergling x2  
  22  2:08  Queen  
  25  2:09  Zergling x2  
  26  2:17  Drone  
  26  2:21  Drone  
  28  2:24  Drone  
  29  2:30  Metabolic Boost  
  29  2:40  Queen  
  29  2:41  Drone x3  
  34  2:47  Overlord  
  34  2:59  Overlord  
  34  3:11  Drone x2  
  34  3:12  Hatchery  
  35  3:13  Overlord  
  35  3:17  Drone  
  35  3:27  Baneling Nest  
  34  3:36  Drone x7  
  41  3:58  Overlord x2  
  41  4:02  Extractor  
  40  4:13  Zergling x18  
  49  4:21  Evolution Chamber  
  49  4:23  Evolution Chamber  
  47  4:25  Drone x3  
  47  4:30  Drone x3  
  53  4:38  Lair  
  53  4:39  Extractor  
  53  4:40  Drone  
  53  4:41  Drone  
  53  4:43  Drone  
  55  4:50  Zerg Melee Weapons Level 1  
  55  4:55  Zerg Ground Armor Level 1  
  55  4:58  Extractor  
  55  4:59  Drone x3  
  57  5:00  Drone x7  
  64  5:17  Drone x2  
  64  5:20  Baneling x3  
  64  5:21  Baneling x3  
  65  5:30  Overlord  
  65  5:31  Overlord  
  65  5:45  Zergling x2  
  65  5:46  Overlord  
  65  5:47  Overlord x4  
  66  5:51  Centrifical Hooks  
  66  5:52  Spire  
  66  5:55  Drone x9  
  74  5:57  Extractor  
  74  5:58  Extractor  
  72  6:07  Drone x3  
  72  6:08  Drone x3  
  78  6:25  Zergling x16  
  86  6:31  Hatchery  
  85  6:35  Baneling  
  85  6:36  Baneling x9  
  84  7:02  Zerg Melee Weapons Level 2, Zerg Ground Armor Level 2  
  84  7:15  Drone x11  
  86  7:16  Drone x5  
  86  7:21  Infestation Pit  
  86  7:22  Queen  
  97  7:25  Overlord x4  
  97  7:26  Overlord  
  97  7:27  Overseer  
  99  7:30  Pneumatized Carapace  
  99  7:36  Overlord  
  99  7:37  Overlord  
  99  7:38  Overlord  
  99  7:44  Zergling x2  
  99  7:48  Spore Crawler  
  89  8:07  Spire  
  89  8:12  Hive  
  87  8:14  Drone x4  
  87  8:15  Drone x2  
  87  8:18  Extractor x2  
  91  8:20  Spine Crawler  
  91  8:21  Spine Crawler  
  91  8:22  Spore Crawler  
  88  8:31  Overlord x3  
  88  8:35  Zergling x18  
  88  8:38  Drone  
  88  8:39  Drone x2  
  100  8:41  Drone x3  
  100  8:47  Queen  
  105  8:49  Pathogen Glands  
  105  9:02  Zergling x22  
  116  9:14  Overlord  
  115  9:25  Baneling x10  
  115  9:26  Baneling x5  
  115  9:27  Zergling x26  
  115  9:30  Adrenal Glands  
  128  9:31  Ultralisk Cavern, Zerg Ground Armor Level 3, Zerg Melee Weapons Level 3  
  128  9:34  Zergling x6  
  117  9:46  Zergling x12  
  121  10:01  Zergling x4  
  121  10:02  Zergling x10  
  114  10:08  Zergling x2  
  114  10:09  Zergling x2  
  114  10:13  Baneling x3  
  114  10:14  Baneling x10  
  107  10:19  Chitinous Plating  
  107  10:20  Zergling x2  
  107  10:21  Zergling x18  
  116  10:27  Zerg Flyer Weapons Level 1  
  117  10:32  Hatchery  
  109  10:44  Ultralisk x5  
  133  11:07  Ultralisk x4  
  149  11:27  Ultralisk  
  149  11:29  Zergling x4, Ultralisk x2  
  133  11:42  Zergling x2, Ultralisk  
  133  11:43  Zergling x8  
  144  12:01  Extractor  
  143  12:03  Mutalisk x3, Extractor  
  143  12:04  Mutalisk x5  
  143  12:05  Spine Crawler  
  155  12:26  Overseer  
  154  12:30  Zerg Missile Weapons Level 1, Zerg Flyer Weapons Level 2  
  154  12:33  Drone x3  
  154  12:34  Drone x3  
  160  12:37  Overlord, Overseer  
  138  13:02  Zergling x2  
  138  13:03  Zergling x16  
  141  13:16  Mutalisk x3  
  147  13:20  Infestor x2  
  147  13:21  Infestor x2  
  147  13:23  Burrow  
  147  13:25  Baneling  
  147  13:26  Baneling x9  
  155  13:35  Overlord  
  155  13:45  Hatchery  
  152  14:06  Zergling x12, Ultralisk x2  
  152  14:07  Zergling x2  
  158  14:22  Spire  
  157  14:34  Baneling  
  157  14:35  Baneling  
  157  14:36  Hatchery  
  157  14:37  Ultralisk x4  
  157  14:38  Zergling x16  
  186  14:52  Infestor x3  
  164  15:01  Greater Spire  
  164  15:02  Zerg Missile Weapons Level 2  
  164  15:10  Drone x4  
  164  15:11  Drone x3  
  164  15:12  Drone  
  164  15:13  Ultralisk x3  
  181  15:50  Zergling x10  
  181  15:51  Ultralisk x2  
  198  16:18  Corruptor  
  194  16:32  Overlord  
  194  16:41  Ultralisk  
  200  16:51  Extractor  
  200  16:52  Extractor  
  198  17:13  Baneling x2  
  198  17:14  Baneling x8  
Show
View Real Time Build Order
Export as new Build Order

izgalor Terran 

Build Orders: MMM Bio 

Get SALT Encoding   

  12  0:01  SCV  
  13  0:13  SCV  
  14  0:18  Supply Depot  
  14  0:26  SCV  
  15  0:39  SCV  
  15  0:42  Barracks  
  16  0:51  SCV  
  17  1:03  SCV  
  18  1:16  SCV  
  19  1:25  Command Center  
  19  1:28  Orbital Command  
  19  1:29  Marine  
  20  1:35  Supply Depot  
  20  1:55  SCV  
  21  2:05  Command Center  
  21  2:08  SCV  
  22  2:09  Marine  
  22  2:13  Refinery  
  23  2:16  Refinery  
  23  2:23  SCV  
  23  2:27  Marine  
  25  2:35  SCV  
  26  2:37  Orbital Command  
  26  2:45  Marine  
  26  2:47  SCV  
  28  2:52  Barracks  
  28  2:59  SCV  
  28  3:03  Marine  
  30  3:07  Factory  
  30  3:11  SCV x2  
  32  3:21  Marine  
  32  3:22  Orbital Command  
  32  3:23  SCV  
  32  3:24  SCV  
  35  3:35  SCV  
  35  3:36  SCV  
  35  3:41  Barracks Reactor  
  37  3:44  Barracks  
  37  3:49  Barracks Tech Lab, SCV x3  
  37  3:54  Factory Tech Lab  
  40  4:01  SCV x3  
  43  4:06  Refinery  
  43  4:07  Refinery  
  43  4:08  Marine  
  43  4:09  Stimpack  
  44  4:13  SCV x3  
  44  4:14  Siege Tank  
  50  4:20  Marine x2  
  52  4:24  Supply Depot  
  52  4:25  Supply Depot, SCV x3  
  55  4:31  Marine  
  55  4:32  Barracks Reactor  
  56  4:43  Engineering Bay x2  
  56  4:51  Marine  
  56  4:52  Marine x2  
  59  4:54  SCV  
  59  4:55  SCV  
  61  5:01  Siege Tank  
  64  5:07  Starport  
  64  5:08  Barracks  
  64  5:09  Marine x3  
  64  5:10  Barracks, Marine  
  68  5:18  Orbital Command  
  68  5:20  Marine  
  69  5:22  Terran Infantry Weapons Level 1, Terran Infantry Armor Level 1  
  69  5:26  SCV x2  
  69  5:27  Marine  
  69  5:28  Marine  
  73  5:33  Siege Tank  
  76  5:38  SCV  
  77  5:46  SCV  
  77  5:47  Marine  
  77  5:48  Starport Reactor, Supply Depot, Marine  
  77  5:49  Supply Depot x2  
  80  5:50  Marine x2  
  80  5:53  Supply Depot  
  82  6:09  Barracks Reactor x2  
  82  6:11  Marine x4  
  82  6:12  Combat Shields  
  82  6:15  SCV x3  
  89  6:24  Marine  
  89  6:25  Medivac x2, Armory  
  92  6:27  SCV x3  
  92  6:29  Marine  
  98  6:39  SCV x2  
  100  6:42  SCV  
  100  6:43  Marine x4  
  105  6:51  SCV x2  
  105  6:53  Marine x5  
  105  6:54  Supply Depot x3  
  112  6:55  Medivac x2, Siege Tank  
  112  6:56  Supply Depot  
  114  7:02  Marine x2  
  116  7:14  Marine  
  116  7:15  Marine x6  
  119  7:18  Missile Turret  
  119  7:19  Marine  
  119  7:20  Refinery, Missile Turret, Marine  
  119  7:21  Refinery, Missile Turret  
  125  7:23  Terran Infantry Weapons Level 2, Missile Turret, Terran Infantry Armor Level 2  
  125  7:27  Supply Depot  
  125  7:28  Supply Depot  
  125  7:29  Medivac  
  127  7:31  Medivac  
  127  7:32  Marine  
  127  7:33  Marine  
  132  7:37  SCV x3  
  134  7:48  Barracks x2  
  134  7:49  Barracks  
  134  7:51  Marine  
  134  7:52  Marine x5  
  140  8:03  Marine x3  
  140  8:04  Medivac x2  
  147  8:09  Marine x2  
  147  8:11  Marine  
  147  8:12  Marine x2  
  148  8:14  Siege Tank  
  151  8:28  Marine x4  
  151  8:32  Terran Ship Weapons Level 1  
  155  8:36  SCV x3  
  155  8:38  Barracks Tech Lab  
  155  8:39  Barracks Tech Lab  
  158  8:41  Barracks Reactor  
  158  8:46  Siege Tank  
  161  8:51  Command Center  
  161  9:01  Marine x4  
  165  9:05  Concussive Shells  
  165  9:07  Marine x4  
  165  9:08  Marauder x3  
  175  9:11  Supply Depot  
  175  9:12  Supply Depot  
  175  9:13  Supply Depot  
  175  9:14  Supply Depot  
  175  9:17  Medivac x2  
  175  9:18  Marine  
  175  9:19  Marine  
  181  9:32  Marine x3  
  181  9:33  Marauder x2  
  181  9:34  Marauder  
  190  9:47  Marine x3  
  190  9:49  Medivac x2  
  197  9:54  Marauder  
  161  10:09  Marine x7  
  161  10:10  Marauder, Marine x4  
  160  10:16  Marauder  
  162  10:22  Widow Mine  
  162  10:27  Marine x6  
  162  10:28  Marauder, Factory  
  172  10:32  Marauder  
  172  10:33  Terran Infantry Weapons Level 3, Terran Infantry Armor Level 3  
  174  10:41  Marine  
  174  10:42  Marauder, Marine  
  178  10:52  Missile Turret  
  178  10:53  Missile Turret  
  178  10:54  Sensor Tower  
  178  10:57  Marauder x2, Marine x2  
  178  10:59  Planetary Fortress  
  184  11:24  Marine x4  
  184  11:25  Marauder x2  
  174  11:36  Marine x2  
  174  11:37  Marauder, Marine  
  149  11:40  Marine x2  
  149  11:41  Marine  
  149  11:42  Medivac x2, Marine x3  
  149  11:44  Widow Mine  
  149  11:46  Factory Reactor, Factory Tech Lab, Marauder x2  
  155  11:58  Marauder  
  155  12:00  Ghost Academy  
  157  12:04  Command Center  
  157  12:08  Marine x3, Marauder  
  159  12:09  Marauder, Marine x3  
  166  12:20  Marauder  
  162  12:34  Terran Vehicle And Ship Armor Level 1  
  162  12:41  Ghost x2  
  162  12:42  Ghost  
  166  12:46  Barracks  
  166  12:48  Barracks  
  166  12:50  Refinery  
  166  12:51  Refinery  
  164  13:04  Missile Turret  
  164  13:05  Missile Turret  
  159  13:13  Command Center  
  159  13:16  Barracks  
  159  13:34  Ghost x3  
  159  13:35  Barracks Tech Lab x2  
  165  13:43  Missile Turret x2  
  165  13:46  Missile Turret  
  165  13:47  Planetary Fortress  
  159  13:56  Missile Turret  
  159  13:58  SCV x3  
  159  13:59  Missile Turret  
  151  14:15  Barracks Tech Lab  
  147  14:22  Missile Turret  
  147  14:24  Missile Turret x2  
  147  14:27  Command Center  
  147  14:35  Ghost x2  
  118  14:56  Marine x4  
  118  14:57  Marauder x3, Marine x5  
  130  15:04  Marauder x2  
  134  15:10  Marine  
  134  15:14  Marine x2  
  135  15:15  Barracks  
  135  15:17  SCV x3  
  135  15:18  Marauder  
  142  15:29  SCV x3  
  142  15:30  Marauder, Marine x5  
  142  15:31  Marauder x3, Marine x2  
  160  15:37  Missile Turret  
  160  15:39  Missile Turret  
  160  15:40  Missile Turret  
  129  15:57  Ghost x4  
  129  15:58  Ghost  
  129  16:01  Planetary Fortress  
  137  16:20  Marine, Marauder  
  137  16:21  Marine  
  137  16:22  Refinery  
  141  16:26  Marauder x2  
  145  16:41  Marauder, Marine x4  
  145  16:42  Marine x2, Marauder x3  
  159  16:48  Marauder  
  161  16:54  Command Center  
  161  17:01  Marine x4  
  162  17:02  Marauder, Marine x2  
  162  17:03  Marauder x2  
Tags
 
Add a new tag
Caveats
  • Supply blocks, unpowered buildings, or Contaminate may cause inaccurate times.
  • Supply counts are checked every 10 seconds.